 Dungeon Crawl Stone Soup version 0.30-a0-779-g7971cf19c3 (webtiles) character file.

Game seed: 9441871016078304993

219 Octodad the Insei (level 5, 0/36 HPs)
             Began as an Octopode Transmuter on Feb 18, 2023.
             Slain by a centaur (6 damage)
             ... on level 4 of the Dungeon.
             The game lasted 00:17:44 (2981 turns).

Octodad the Insei (Octopode Transmuter)             Turns: 2981, Time: 00:17:45

Health: 0/36       AC:  1    Str: 10    XL:     5   Next: 96%
Magic:  7/8        EV: 13    Int: 17    God:
Gold:   238        SH:  0    Dex: 12    Spells: 5/8 levels left

rFire   . . .      SeeInvis .      - Unarmed
rCold   + . .      Faith    .    (no shield)
rNeg    . . .      Spirit   .    (helmet restricted)
rPois   .          Reflect  .    h - amulet of the acrobat
rElec   .          Harm     .    g - ring of protection from fire
rCorr   .          Rampage  .    n - ring of ice
Will    .....                    (no ring)
Stlth   +++                      (no ring)
HPRegen 0.26/turn                (no ring)
MPRegen 0.11/turn                (no ring)
                                 (no ring)
                                 (no ring)

@: wereblooded
A: almost no armour, amphibious, 8 rings, camouflage 1, gelatinous body 1,
(nimble swimmer 1), tentacles
a: no special abilities


You were on level 4 of the Dungeon.
You visited 1 branch of the dungeon, and saw 4 of its levels.

You collected 238 gold pieces.

Inventory:

Jewellery
 g - a ring of protection from fire (left tentacle)
 h - an amulet of the acrobat (around mantle)
 n - a ring of ice (right tentacle)
Scrolls
 c - 3 scrolls of enchant weapon {unknown}
 d - a scroll of fog {unknown}
 e - 4 scrolls of teleportation {unknown}
 i - a scroll of blinking {unknown}
 q - 2 scrolls of poison {unknown}
 r - a scroll of fear {unknown}
 s - a scroll of silence {unknown}
 t - a scroll of enchant armour {unknown}
 u - 2 scrolls of identify {unknown}
 v - a scroll of amnesia {unknown}
Potions
 a - 2 potions of lignification
 b - a potion of cancellation {unknown}
 f - a potion of invisibility {unknown}
 j - a potion of flight {unknown}
 k - a potion of heal wounds {unknown}
 l - 2 potions of might {unknown}
 m - 2 potions of curing {unknown}
 o - 2 potions of degeneration {unknown}
 p - a potion of brilliance {unknown}


   Skills:
 - Level 3.0 Fighting
 - Level 2.1 Dodging
 - Level 1.0 Stealth
 * Level 4.7 Unarmed Combat
 - Level 2.4 Spellcasting
 - Level 3.0 Transmutations
 + Level 0.0 Ice Magic


You had 5 spell levels left.
You knew the following spells:

 Your Spells              Type           Power      Damage    Failure   Level
a - Beastly Appendage     Tmut           24%        N/A       5%          1
b - Wereblood             Tmut           12%        N/A       9%          2

Your spell library contained the following spells:

 Spells                   Type           Power      Damage    Failure   Level
 Slow                     Hex            8%         N/A       19%         1
 Spider Form              Tmut/Pois      7%         N/A       30%         3
 Confusing Touch          Hex            2%         N/A       50%         3
 Vampiric Draining        Necr           2%         2d6       50%         3
 Ice Form                 Ice/Tmut       10%        N/A       69%         4


Dungeon Overview and Level Annotations

Branches:
Dungeon (4/15)
 Temple: D:4-7

Altars:
Fedhas
Wu Jian
Zin
The Shining One


Innate Abilities, Weirdness & Mutations

You cannot wear most types of armour.
You are amphibious.
You can wear up to eight rings at the same time.
Your skin changes colour to match your surroundings (Stealth+).
Your rubbery body absorbs attacks. (AC +1, EV +1)
((You are camouflaged when in or above water. (Stealth+)))
You have tentacles for arms and can constrict up to eight enemies at once.


Message History

The centaur closely misses you.
You tentacle-slap the centaur.
The centaur is moderately wounded.
The centaur barely misses you. The centaur misses you.
You barely miss the centaur.
The centaur is moderately wounded.
The centaur hits you. The centaur kicks you.
You tentacle-slap the centaur.
The centaur is heavily wounded.
The centaur barely misses you. x2; The centaur closely misses you.
The centaur barely misses you.
You tentacle-slap the centaur but do no damage.
Your squeeze misses the centaur.
The centaur is heavily wounded.
The centaur hits you. The centaur kicks you.
You are too injured to fight recklessly!
You are too injured to fight recklessly!
You are too injured to fight recklessly!
You tentacle-slap the centaur.
The centaur is heavily wounded.
The centaur hits you but does no damage.
The centaur completely misses you.
You closely miss the centaur.
The centaur is heavily wounded.
The centaur hits you. The centaur barely misses you. The centaur hits you.
The centaur completely misses you.
You tentacle-slap the centaur.
The centaur is heavily wounded.
The centaur hits you but does no damage.
The centaur kicks you.
You tentacle-slap the centaur.
The centaur is severely wounded.
The centaur hits you.
* * * LOW HITPOINT WARNING * * *
The centaur misses you.
You tentacle-slap the centaur but do no damage.
Your tentacle-slap misses the centaur.
The centaur is severely wounded.
The centaur hits you.
You die...

###### #....#
#.##.# #####
..#####.##.#######
....+
..........@c......
.####
.#####.##.####.##
.### #.#..#.#
...### #.##.#.#
##.[.# #.##.#.# #
####.# #....#.# #
.# #.#### #.####.#
.# #....###..# ..#
.######....#.#.####


You could see a centaur.

Vanquished Creatures
  An orc priest (D:4)
  An orc wizard (D:4)
  9 adders
  A worm (D:2)
  2 dart slugs
  4 orcs
  7 bats
  5 endoplasms
  2 giant cockroaches (D:3)
  8 goblins
  6 hobgoblins
  10 jackals
  3 ball pythons
  3 frilled lizards
  6 kobolds
  11 rats
79 creatures vanquished.

Notes
Turn   | Place    | Note
-------+----------+-------------------------------------------
     0 | D:1      | Octodad the Octopode Transmuter began the quest for the
                  | Orb.
     0 | D:1      | Reached XP level 1. HP: 13/13 MP: 3/3
   228 | D:1      | Reached XP level 2. HP: 16/18 MP: 3/5
   231 | D:1      | Learned a level 2 spell: Wereblood
   704 | D:1      | Reached XP level 3. HP: 14/23 MP: 3/6
  1727 | D:3      | Reached XP level 4. HP: 28/28 MP: 4/7
  1833 | D:3      | Found a blossoming altar of Fedhas.
  1899 | D:3      | Found a glowing golden altar of the Shining One.
  2074 | D:3      | Reached skill level 1 in Stealth
  2074 | D:3      | Reached skill level 4 in Unarmed Combat
  2126 | D:3      | Reached XP level 5. HP: 28/34 MP: 5/8
  2339 | D:3      | Found an ornate altar of the Wu Jian Council.
  2593 | D:3      | Found the +11 plutonium sword {Contam Stlth-}
  2662 | D:3      | Found a glowing silver altar of Zin.
  2966 | D:4      | Noticed a centaur
  2981 | D:4      | Slain by a centaur

Illustrated notes

Levels and vault maps discovered:
D:1:      erik_arrival_orb_chamber, layout_basic, amethyst_killhole
D:2:      layout_loops_cross
D:3:      minmay_bubble_buster, layout_basic, mainiacjoe_overflow_24_doors,
          fedhas_altar_3, mainiacjoe_overflow_alcove_4, zin_statuary,
          minmay_checkerbox
D:4:      cheibrodos_greedy_goblins, layout_basic, minmay_bisected

Skill      XL: |  1  2  3  4  5 |
---------------+----------------+-----
Transmutations | 3 |  3.0
Fighting       | 2 3 |  3.0
Stealth        | 1 |  1.0
Unarmed Combat | 4 |  4.7
Dodging        | |  2.1
Spellcasting   | |  2.4

Action                     |  1- 3 |  4- 6 || total
---------------------------+-------+-------++-------
  Melee: Unarmed           |   100 |    98 ||   198
         Constrict         |    34 |    18 ||    52
         Kick              |     6 |       ||     6
         Tentacles         |    25 |    11 ||    36
         Punch             |     1 |     3 ||     4
   Cast: Beastly Appendage |     5 |       ||     5
         Wereblood         |    24 |    22 ||    46
   Stab: Sleeping          |     4 |     3 ||     7
         Distracted        |       |     1 ||     1
 Armour: Skin              |    10 |     9 ||    19
  Dodge: Dodged            |    60 |    60 ||   120

Table legend: (Time is in decaauts)
 A = Elapsed time spent in this place.
 B = Non-inter-level travel time spent in this place.
 C = Inter-level travel time spent in this place.
 D = Time resting spent in this place.
 E = Time spent auto-exploring this place.
 F = Levels seen in this place.
 G = Mean time per level.
                   A        B        C        D        E       F      G
               +--------+--------+--------+--------+--------+-----+--------+
         Total |   2966 |   2855 |    111 |     46 |   2268 |   4 |  741.5 |
       Dungeon |   2966 |   2855 |    111 |     46 |   2268 |   4 |  741.5 |
               +--------+--------+--------+--------+--------+-----+--------+

Top non-repeatable levels by time:
     D:3: 1026 daAuts
     D:1: 931 daAuts
     D:2: 713 daAuts
     D:4: 295 daAuts
